 Dungeon Crawl Stone Soup version 0.25-a0-578-gc91f01c39c (webtiles) character file.

Game seed: 13357414963678926362, levelgen mode: deterministic

27 Forecaster the Magician (level 3, -2/28 HPs)
             Began as a Naga Wizard on Mar 7, 2020.
             Slain by a gnoll
             ... wielding a +2 spear of venom
              (11 damage)
             ... on level 2 of the Dungeon.
             The game lasted 00:06:47 (1419 turns).

Forecaster the Magician (Naga Wizard)               Turns: 1419, Time: 00:06:47

Health: -2/28      AC:  2    Str: 10    XL:     3   Next: 10%
Magic:  0/7        EV:  9    Int: 18    God:
Gold:   78         SH:  0    Dex:  9    Spells: 3/8 levels left

rFire    . . .     SeeInvis +   k - +0 dagger
rCold    . . .     Gourm    .   (no shield)
rNeg     . . .     Faith    .   h - +0 leather armour
rPois    +         Spirit   .   b - +0 hat
rElec    .         Reflect  .   (no cloak)
rCorr    .         Harm     .   (no gloves)
MR       .....                  (no barding)
Stlth    ++........             m - amulet of regeneration
HPRegen  0.49/turn              (no ring)
MPRegen  0.10/turn              (no ring)

@: very slightly contaminated, very slow
A: large, see invisible, deformed body, poison resistance, slowness 2, slow
metabolism 1, spit poison 1, AC +1
a: Spit Poison


You were on level 2 of the Dungeon.
You were hungry.

You visited 1 branch of the dungeon, and saw 2 of its levels.

You collected 78 gold pieces.

Inventory:

Hand Weapons
 c - a +0 club
 g - a +0 spear
 k - a +0 dagger (weapon)
Missiles
 e - 20 bolts
Armour
 a - a +0 robe
 b - a +0 hat (worn)
 h - a +0 leather armour (worn)
Jewellery
 m - an amulet of regeneration (around neck)
Scrolls
 f - a scroll of immolation {unknown}
 i - 3 scrolls of remove curse {unknown}
 l - a scroll of identify {unknown}
 p - a scroll of magic mapping {unknown}
Potions
 j - a potion of flight {unknown}
 n - a potion of stabbing {unknown}
 o - a potion of haste {unknown}
Comestibles
 d - a ration


   Skills:
 + Level 0.3 Short Blades
 + Level 0.7 Armour
 + Level 1.6 Dodging
 + Level 3.4 Stealth
 + Level 3.4 Spellcasting
 + Level 1.2 Conjurations
 + Level 1.0 Summonings
 + Level 1.0 Translocations


You had 3 spell levels left.
You knew the following spells:

 Your Spells              Type           Power        Failure   Level  Hunger
a - Magic Dart            Conj           #...         13%         1    None
b - Call Imp              Summ           #.......     22%         2    ##.....
c - Blink                 Tloc           N/A          22%         2    ##.....

Your spell library contained the following spells:

 Spells                   Type           Power        Failure   Level  Hunger
 Slow                     Hex            #.......     32%         2    ##.....
 Conjure Flame            Conj/Fire      #.......     45%         3    ###....
 Mephitic Cloud           Conj/Pois/Air  #.......     47%         3    ###....


Dungeon Overview and Level Annotations

Branches:
Dungeon (2/15)

Altars:


Innate Abilities, Weirdness & Mutations

You cannot wear boots.
Your serpentine skin is tough. (AC +1)
You have supernaturally acute eyesight. (SInv)
Armour fits poorly on your strangely shaped body.
Your system is resistant to poisons. (rPois)
You cover ground very slowly.
You have a slow metabolism.
You can spit poison.


Message History

Something hits your white imp.
Your white imp barely misses the gnoll.
The gnoll hits you from afar with a +2 spear of venom.
Something hits your white imp.
The gnoll hits you from afar with a +2 spear of venom!
Something barely misses your white imp.
The gnoll hits you from afar with a +2 spear of venom.
Something hits your white imp!
Your white imp dies!
The gnoll throws a throwing net.
The throwing net hits you.
You become entangled in the net!
You see here a throwing net.
You struggle against the net.
You struggle against the net.
The gnoll closely misses you.
You tear a large gash into the net.
The gnoll hits you from afar with a +2 spear of venom!
* * * LOW HITPOINT WARNING * * *
You rip the net and break free!
The gnoll hits you from afar with a +2 spear of venom!
You die...

g>#.######
#.#.####<####
#g#.##......#
#.#.##......#
#g#.##......#
#.#.##......#
#g#.........#
#.####.)....#
#.g>@........#
############.#
#


You could see a gnoll.

Vanquished Creatures
  An adder (D:2)
  A leopard gecko (D:1)
  3 goblins
  3 hobgoblins (D:1)
  A quokka (D:2)
  3 bats (D:1)
  2 frilled lizards
  A kobold (D:1)
  2 rats (D:1)
17 creatures vanquished.

Notes
Turn   | Place    | Note
-------+----------+-------------------------------------------
     0 | D:1      | Forecaster the Naga Wizard began the quest for the Orb.
     0 | D:1      | Reached XP level 1. HP: 15/15 MP: 4/4
   648 | D:1      | Reached XP level 2. HP: 22/22 MP: 0/6
   652 | D:1      | Learned a level 2 spell: Call Imp
   655 | D:1      | Learned a level 2 spell: Blink
  1347 | D:2      | Reached XP level 3. HP: 26/28 MP: 4/7
  1419 | D:2      | Slain by a gnoll

Levels and vault maps discovered:
D:1:      minmay_arrival_stone_box, layout_loops_corners, serial_forest,
          infiniplex_forest_lined_2, infiniplex_forest_lined_4_way,
          infiniplex_forest_corner_1, infiniplex_forest_clump_medium,
          infiniplex_forest_end_1, infiniplex_forest_clump_medium,
          infiniplex_forest_straight_4, minmay_tripent
D:2:      layout_basic, minitemple, first_ration

Action                   || total
-------------------------++-------
Melee: Dagger            ||    36
 Cast: Magic Dart        ||    32
       Call Imp          ||     3
 Stab: Distracted        ||     1
Armor: Leather armour    ||     6
Dodge: Dodged            ||    18

Table legend:
 A = Non-vault XP
 B = Vault XP
 C = Vault XP percentage of total XP
 D = Non-vault monster count
 E = Vault monster count
 F = Vault count percentage of total count
                 A         B        C        D         E       F
            +---------+---------+-------+---------+---------+-------
      Total |      36 |       3 |   7.7 |      15 |       2 |  11.8
            +---------+---------+-------+---------+---------+-------
        D:1 |      17 |       3 |  15.0 |      11 |       2 |  15.4
        D:2 |      19 |       0 |   0.0 |       4 |       0 |   0.0
            +---------+---------+-------+---------+---------+-------
